[Event "*** Titled Tuesday Blitz"]
[Site "Chess.com"]
[Date "2020.12.29"]
[Round "5"]
[White "StockholmMissile"]
[Black "davidkalashian"]
[Result "1-0"]
[WhiteElo "2426"]
[BlackElo "2574"]
[TimeControl "180+1"]
[EndTime "10:54:44 PST"]
[Termination "StockholmMissile won by resignation"]

1. d4 Nf6 2. Nf3 e6 3. Bg5 h6 4. Bh4 g5 5. Bg3 Ne4 6. Nbd2 Nxg3 7. hxg3 Bg7 8. e4 g4 9. Ne5 h5 10. c3 d6 11. Nd3 Nc6 12. Be2 Bd7 13. Qc2 Qg5 14.
Nc4 O-O-O 15. Qd2 Bh6 16. Qxg5 Bxg5 17. Kd1 f5 18. exf5 exf5 19. Nf4 Rh6 20. Kc2 h4 21.
Bd3 Re8 22. Rae1 Rxe1 23. Rxe1 Bxf4 24. gxf4 Kd8 25. Ne3 Ne7 26. Rh1 Rh5 27. c4 Ng6 28. g3 h3 29. Kd2 Ne7 30. Ke2 Nc6 31. Nc2 a5 32. f3 Ne7 33. Ne3 Nc6 34. Nc2 Rh8 35. Kf2 Re8 36. a3 Re7 37. d5 Na7 38. Ne3 Rxe3 39. Kxe3 Ke7 40. fxg4 fxg4 41. f5 b5 42. Kf4 bxc4 43. Bxc4 Nb5 44. Bxb5 Bxb5 45. Kxg4 Bd3 46. Rxh3 1-0

[Event "*** Titled Tuesday Blitz"]
[Site "Chess.com"]
[Date "2020.12.29"]
[Round "5"]
[White "arna"]
[Black "CM_rui"]
[Result "0-1"]
[WhiteElo "2131"]
[BlackElo "2349"]
[TimeControl "180+1"]
[EndTime "10:54:44 PST"]
[Termination "CM_rui won on time"]

1. e4 e5 2. Nf3 Nc6 3. d4 exd4 4. Bc4 Nf6 5. e5 d5 6. Bb5 Ne4 7. Nxd4 Bd7 8. Bxc6 bxc6 9. O-O Bc5 10. Be3 O-O 11.
f3 Ng5 12. Nc3 a5 13. Qd2 Ne6 14. Nxe6 Bxe3+ 15. Qxe3 Bxe6 16. Qd4 Qe7 17. Na4 Rab8 18. a3 Rb5 19. c4 dxc4 20. Nc3 Rb3 21. Rad1 Rxb2 22.
Nd5 Qxa3 23. Nxc7 Qa2 24. Kh1 Rxg2 25. Qh4 c3 26. Nxe6 fxe6 27. Rg1 Qe2 28. Rde1 Rxg1+ 29. Rxg1 Qxf3+ 30. Rg2 c2 31. Qg5 Qf1+ 32. Rg1 Qf3+ 33.
Rg2 g6 0-1

[Event "*** Titled Tuesday Blitz"]
[Site "Chess.com"]
[Date "2020.12.29"]
[Round "5"]
[White "orestn"]
[Black "midedu"]
[Result "1-0"]
[WhiteElo "2335"]
[BlackElo "2117"]
[TimeControl "180+1"]
[EndTime "10:54:45 PST"]
[Termination "orestn won by resignation"]

1. e4 c5 2. Nf3 Nc6 3. d4 cxd4 4. Nxd4 Nf6 5. Nc3 Qb6 6. Nb3 e6 7. a3 a6 8. Be3 Qc7 9. f4 d6 10. Bd3 b5 11. Qe2 Be7 12. O-O O-O 13. Kh1 Rb8 14. Rae1 b4 15. Nb1 a5 16. a4 e5 17.
f5 Rd8 18. N1d2 d5 19. Bg5 dxe4 20. Bxe4 Nxe4 21. Nxe4 f6 22. Be3 Kh8 23. Qh5 Bf8 24.
Rf3 Ne7 25. Bc5 Nxf5 26. Bxf8 Rxf8 27. Rxf5 Bxf5 28. Qxf5 Qxc2 29. Nbc5 Rbd8 30. Qf1 Rf7 31. b3 Qb2 32. h3 Qd4 33. Rc1 Qd6 34. Nxd6 Rxd6 35. Rd1 Rxd1 36. Qxd1 h6 37. Qd5 Ra7 38. Kh2 Kh7 39. Qc6 Re7 40. Qb6 e4 41. Kg1 e3 42.
Kf1 e2+ 43. Ke1 Re5 44. Qxa5 Kg6 45. Qxb4 h5 46. a5 1-0

[Event "*** Titled Tuesday Blitz"]
[Site "Chess.com"]
[Date "2020.12.29"]
[Round "5"]
[White "HeadShotRomanTest"]
[Black "Vamostodorecto"]
[Result "0-1"]
[WhiteElo "2184"]
[BlackElo "2424"]
[TimeControl "180+1"]
[EndTime "10:54:46 PST"]
[Termination "Vamostodorecto won by resignation"]

1. e4 e5 2. Nf3 Nc6 3. d4 exd4 4. Bc4 Nf6 5. e5 d5 6. Bb5 Ne4 7. Nxd4 Bd7 8. Bxc6 bxc6 9. O-O Bc5 10. f3 Ng5 11. f4 Ne4 12. Be3 Bb6 13. Nd2 Nxd2 14. Qxd2 c5 15. Nf3 d4 16. Bf2 Bc6 17. Bh4 Qd7 18. Rae1 Qf5 19. b3 O-O 20. a4 a5 21.
h3 h6 22. g4 Qd7 23. f5 Qd5 24. f6 c4 25. fxg7 Kxg7 26. Bf6+ Kh7 27. Qf4 Rg8 28.
Qf5+ Rg6 29. h4 Bd7 30. bxc4 Bxf5 31. cxd5 Bxg4 32. Kh2 Rag8 33. Re2 Bd7 34. Be7 Bxa4 35. e6 fxe6 36. dxe6 Bb5 37. Ne5 Bxe2 38. Rf7+ R6g7 39. Rxg7+ Rxg7 40. Bf6 Rg8 41. e7 Bh5 42. Nc6 Bf3 43. Kh3 Bxc6 0-1

[Event "*** Titled Tuesday Blitz"]
[Site "Chess.com"]
[Date "2020.12.29"]
[Round "5"]
[White "djano"]
[Black "mat_kolosowski"]
[Result "0-1"]
[WhiteElo "2456"]
[BlackElo "2701"]
[TimeControl "180+1"]
[EndTime "10:54:47 PST"]
[Termination "mat_kolosowski won by resignation"]

1. d4 Nf6 2. Nf3 g6 3. c3 Bg7 4.
Bg5 d5 5. Nbd2 c6 6. e3 Bf5 7.
Be2 O-O 8. O-O Qb6 9. Qb3 Nbd7 10. h3 Rfe8 11. a4 e5 12. a5 Qxb3 13. Nxb3 Ne4 14.
Bh4 h6 15. Nfd2 Nxd2 16. Nxd2 exd4 17. cxd4 g5 18. Bg3 Bxd4 19. a6 b6 20. Bg4 Bxg4 21.
exd4 Be2 22. Rfc1 Rac8 23. Ra3 Bb5 24. b4 Re2 25. Nf3 f6 26. Nh2 h5 27. Nf1 h4 28.
Bh2 Rce8 29. Ne3 Rb2 30. Nf5 Ree2 31. Rf3 Rxb4 32. Bb8 Ra4 33. Bd6 Kf7 34. Bc7 Bc4 35.
Nd6+ Ke6 36. Ne8 Rxa6 37. Bh2 Raa2 38. Nc7+ Kf7 39. Bd6 Kg6 0-1

[Event "*** Titled Tuesday Blitz"]
[Site "Chess.com"]
[Date "2020.12.29"]
[Round "5"]
[White "karinachess1"]
[Black "Vusatiuk_Vladimir"]
[Result "1-0"]
[WhiteElo "2501"]
[BlackElo "2299"]
[TimeControl "180+1"]
[EndTime "10:54:47 PST"]
[Termination "karinachess1 won on time"]

1. e4 c5 2. Nf3 e6 3. d4 cxd4 4. Nxd4 Nf6 5. Nc3 Qb6 6. Nb3 Bb4 7. Be3 Qc7 8. Bd3 d5 9. exd5 Nxd5 10. Bd2 Nxc3 11.
bxc3 Bxc3 12. O-O Bxa1 13. Qxa1 O-O 14. Qd4 Nc6 15. Qh4 g6 16. Bh6 Qe7 17. Qxe7 Nxe7 18. Bxf8 Kxf8 19. Be4 e5 20. Nc5 Rb8 21. Rd1 f5 22. Rd8+ Kf7 23. Bxb7 Rxb7 24. Nxb7 Bxb7 25. Rd7 Be4 26. Rxa7 Bxc2 27. Kf1 Ke6 28. Ke2 h5 29. h4 Nc6 30. Ra8 Kd5 31. Kd2 Bb1 32. a4 Kc5 33. Kc1 1-0

[Event "*** Titled Tuesday Blitz"]
[Site "Chess.com"]
[Date "2020.12.29"]
[Round "5"]
[White "Vaathi_Coming"]
[Black "Salem-AR"]
[Result "1-0"]
[WhiteElo "2861"]
[BlackElo "2927"]
[TimeControl "180+1"]
[EndTime "10:54:49 PST"]
[Termination "Vaathi_Coming won on time"]

1. Nf3 c5 2. e3 Nf6 3. b3 g6 4.
Bb2 Bg7 5. c4 O-O 6. Be2 Nc6 7.
O-O Re8 8. d4 cxd4 9. Nxd4 d5 10. cxd5 Nxd4 11. Bxd4 Qxd5 12. Nc3 Qg5 13. f4 Qh4 14.
Qe1 Qxe1 15. Rfxe1 Bg4 16. Nb5 Rac8 17. Bxg4 Nxg4 18.
Bxg7 Kxg7 19. h3 Nf6 20. Nxa7 Rc2 21. Nb5 e5 22. Na3 Rc5 23. Nc4 exf4 24. exf4 Rxe1+ 25. Rxe1 Nh5 26. Re7 Nxf4 27. Rxb7 Rd5 28. Kf2 g5 29. a4 Rd3 30. a5 h5 31. a6 g4 32.
hxg4 hxg4 33. Rxf7+ Kxf7 34. Ne5+ Ke6 35. Nxd3 Nxd3+ 36.
Kg3 1-0

[Event "*** Titled Tuesday Blitz"]
[Site "Chess.com"]
[Date "2020.12.29"]
[Round "5"]
[White "ChessLover0108"]
[Black "vladjianu"]
[Result "0-1"]
[WhiteElo "2744"]
[BlackElo "2597"]
[TimeControl "180+1"]
[EndTime "10:54:49 PST"]
[Termination "vladjianu won by resignation"]

1. d4 Nf6 2. c4 e6 3. Nf3 d5 4. Nc3 Nbd7 5. Bg5 c6 6. e3 Qa5 7.
Bxf6 Nxf6 8. Nd2 Bb4 9. Qc2 O-O 10. Bd3 c5 11. Nb3 Qc7 12. dxc5 dxc4 13. Bxc4 Bxc5 14. Nxc5 Qxc5 15. Bd3 b6 16. O-O Bb7 17. Rfd1 Rac8 18. Rac1 Rfd8 19. Bf1 h6 20. Qa4 a6 21. h3 b5 22. Qa5 Rxd1 23. Rxd1 b4 24. Rd8+ Kh7 25. Bd3+ g6 26. Qxc5 Rxc5 27. Na4 Rc1+ 28. Kh2 Bd5 29. b3 Ra1 30. f3 Rxa2 31. e4 Bxb3 32.
Nc5 Bc2 33. Bxa6 Ra5 34. Rc8 b3 35. Nxb3 Bxb3 36. Rc7 Kg7 37. Bd3 e5 38. Rb7 Be6 39. Rc7 Nh5 40. Bf1 Nf4 41. Kg3 Ra2 42. Bb5 0-1

[Event "*** Titled Tuesday Blitz"]
[Site "Chess.com"]
[Date "2020.12.29"]
[Round "5"]
[White "HanSchut"]
[Black "NodariousBIG"]
[Result "1/2-1/2"]
[WhiteElo "2262"]
[BlackElo "2652"]
[TimeControl "180+1"]
[EndTime "10:54:49 PST"]
[Termination "Game drawn by repetition"]

1. e4 e6 2. d4 d5 3. Nc3 Nf6 4. Bg5 Bb4 5. e5 h6 6. Bd2 Bxc3 7. bxc3 Ne4 8. Qg4 Kf8 9. Bd3 Nxd2 10. Kxd2 c5 11. h4 Qa5 12. Nf3 c4 13. Be2 b5 14.
a3 Nd7 15. Qf4 Nb6 16. Rhb1 Na4 17. Rb4 Bd7 18. h5 Qd8 19. Nh4 Ke8 20. Qg4 Qg5+ 21. f4 Qe7 22. Qxg7 Qxh4 23. Qxh8+ Ke7 24. Qxa8 Qxf4+ 25. Ke1 Nxc3 26. Rd1 Qg3+ 27. Kf1 Ne4 28. Kg1 Qf2+ 29.
Kh2 Qxe2 30. Rbb1 Qxc2 31. Qxa7 Qe2 32. Re1 Qxh5+ 33. Kg1 Qh4 34. Rxe4 Qxe4 35. Qc5+ Ke8 36. Rf1 Qe3+ 37. Kh1 c3 38. Qd6 Qxd4 39. Qb8+ Ke7 40. Qd6+ Kd8 41. Qb8+ Bc8 42. Qd6+ Bd7 43. Qb8+ Ke7 44.
Qd6+ Ke8 45. Qb8+ Ke7 1/2-1/2

[Event "*** Titled Tuesday Blitz"]
[Site "Chess.com"]
[Date "2020.12.29"]
[Round "5"]
[White "MuhittinBuker"]
[Black "Blue_Ratatoeskr"]
[Result "0-1"]
[WhiteElo "2117"]
[BlackElo "2347"]
[TimeControl "180+1"]
[EndTime "10:54:49 PST"]
[Termination "Blue_Ratatoeskr won by resignation"]

1. d4 d5 2. c4 dxc4 3. Nf3 a6 4. a4 Nc6 5. e3 Bg4 6. Bxc4 e6 7. O-O Nf6 8. h3 Bh5 9. Be2 Bd6 10. Nc3 O-O 11. e4 Bxf3 12. Bxf3 Nxd4 13. Bg5 Be5 14. Kh1 h6 15.
Bh4 Qd6 16. Bxf6 Bxf6 17. g3 Nxf3 18. Qxf3 Qb4 19. Rab1 Rfd8 20. Rfe1 Be5 21. Qe2 b6 22. Qc2 Rd7 23. Rbd1 Rad8 24. Rxd7 Rxd7 25. Kg2 Bxc3 26. bxc3 Qc4 27. Re3 a5 28. h4 h5 29. f4 Qc6 30.
Kh2 Qd6 31. Re2 Qd3 32. Qb2 Qf3 33. e5 Rd3 34. Rg2 Rxc3 35. Qb5 Qc6 36. Qe2 g6 37. g4 Qf3 38. Qxf3 Rxf3 39. gxh5 Rxf4 40. hxg6 Rxh4+ 41. Kg3 Re4 42. gxf7+ Kxf7 43. Rc2 c5 44. Rb2 Rb4 45.
Rd2 Rxa4 46. Rd7+ Kg6 47. Rd6 Kf5 48. Rxb6 Ra3+ 49. Kf2 Kxe5 50. Rb5 Kd5 0-1

[Event "*** Titled Tuesday Blitz"]
[Site "Chess.com"]
[Date "2020.12.29"]
[Round "5"]
[White "SaraciNderim"]
[Black "jefferyx"]
[Result "0-1"]
[WhiteElo "2835"]
[BlackElo "2929"]
[TimeControl "180+1"]
[EndTime "10:54:50 PST"]
[Termination "jefferyx won on time"]

1. d4 Nf6 2. Nf3 d5 3. g3 b5 4.
Bg2 e6 5. O-O Nbd7 6. Bg5 Bb7 7.
Nbd2 h6 8. Bxf6 Nxf6 9. Re1 c5 10. c3 Be7 11. Ne5 O-O 12. Nd3 c4 13. Ne5 b4 14. cxb4 Bxb4 15. a3 Ba5 16. Qc2 Rb8 17. Red1 Qd6 18. b3 c3 19. b4 cxd2 20. bxa5 Ne4 21.
Bxe4 dxe4 22. Qxd2 Bd5 23. Rdc1 Rfc8 24. Rxc8+ Rxc8 25. Rc1 Rb8 26. Qc3 f6 27. Nc4 Qa6 28. Ne3 Qxe2 29.
Nxd5 exd5 30. Qc7 Rb2 31. Qc8+ Kf7 32. Qf5 Rc2 33. Qxd5+ Kg6 34. Rxc2 Qxc2 35. Kg2 Qd3 36. Qe6 Qxd4 37. a6 Qd3 38. Qg4+ Kf7 0-1

[Event "*** Titled Tuesday Blitz"]
[Site "Chess.com"]
[Date "2020.12.29"]
[Round "5"]
[White "Twitch_ElhamBlitz05"]
[Black "FlamingPhoenix123"]
[Result "0-1"]
[WhiteElo "2872"]
[BlackElo "2600"]
[TimeControl "180+1"]
[EndTime "10:54:50 PST"]
[Termination "FlamingPhoenix123 won by resignation"]

1. e4 c5 2. Nf3 d6 3. d4 cxd4 4. Nxd4 Nf6 5. f3 e5 6. Nb3 d5 7. Bg5 Be6 8. Bxf6 gxf6 9. exd5 Qxd5 10. Qxd5 Bxd5 11. Nc3 Be6 12. O-O-O Nc6 13. Bb5 Bh6+ 14. Kb1 a6 15. Bxc6+ bxc6 16. Nc5 Ke7 17. N3e4 Rhd8 18.
Nxe6 fxe6 19. c3 f5 20. Nc5 Be3 21. Nd3 Kf6 22. Rhe1 f4 23. Kc2 Rd5 24. Nb4 Rxd1 25. Rxd1 c5 26. Nc6 Rg8 27. g4 fxg3 28. hxg3 Rxg3 29.
Rd8 Rg2+ 30. Kd3 Bf4 31. Rf8+ Kg7 32. Rb8 Kf6 33. a4 h5 34. b4 cxb4 35. cxb4 h4 36. Rh8 Bg3 37. b5 axb5 38. axb5 Rb2 39. Kc4 Kg7 40.
Rh5 Kg6 41. Rh8 Kg7 42. Rd8 h3 43. Rd1 h2 44. Rh1 Rg2 45. b6 Rg1 46. Rxh2 Bxh2 47. b7 e4 48. fxe4 Rb1 49. Nb4 Bd6 50. e5 Rxb4+ 51. Kc3 Rxb7 52. exd6 Rd7 53. Kd4 Rxd6+ 54. Ke5 Rd8 0-1

[Event "*** Titled Tuesday Blitz"]
[Site "Chess.com"]
[Date "2020.12.29"]
[Round "5"]
[White "Schack-Hugo"]
[Black "Nara_Kh"]
[Result "0-1"]
[WhiteElo "2167"]
[BlackElo "2355"]
[TimeControl "180+1"]
[EndTime "10:54:50 PST"]
[Termination "Nara_Kh won on time"]

1. e4 c5 2. Nf3 d6 3. d4 Nf6 4.
Nc3 cxd4 5. Nxd4 a6 6. Bg5 Nbd7 7. f4 Qc7 8. Qf3 g6 9. g4 Bg7 10. O-O-O b5 11. Bxf6 Nxf6 12. g5 Nd7 13. h4 Bb7 14. h5 Rc8 15. h6 Bxd4 16. Rxd4 Nc5 17. Bh3 Rd8 18. Nd5 Qa5 19. Kb1 Bxd5 20. exd5 O-O 21. b4 Qa4 22. Qc3 Nd7 23. Bxd7 Rxd7 24. Qb2 Rc7 25. Rh3 Rfc8 26. Rd2 Rc4 27. Rb3 Rxf4 28. a3 Rg4 29. Ka2 Rxg5 30. Rc3 Rc4 31. Rxc4 bxc4 32.
Qd4 f6 33. Qxc4 Kf7 0-1

[Event "*** Titled Tuesday Blitz"]
[Site "Chess.com"]
[Date "2020.12.29"]
[Round "5"]
[White "rynos0411"]
[Black "NeverW84M8"]
[Result "0-1"]
[WhiteElo "2325"]
[BlackElo "2505"]
[TimeControl "180+1"]
[EndTime "10:54:52 PST"]
[Termination "NeverW84M8 won by resignation"]

1. d4 Nf6 2. c4 c5 3. d5 e6 4. Nc3 exd5 5. cxd5 d6 6. Nf3 g6 7. Bf4 a6 8. a4 Bg7 9. e4 O-O 10. Nd2 Re8 11. Be2 Nbd7 12. O-O Ne5 13. Bg3 g5 14. f4 gxf4 15. Bxf4 h5 16. Bg5 Qe7 17.
Bxh5 Ned7 18. Be2 Qe5 19. Nf3 Qe7 20. a5 Qf8 21. Qc2 Ng4 22. h3 Nge5 23. Nxe5 Nxe5 24. Bf6 Bxf6 25. Rxf6 Qg7 26. Raf1 Bxh3 27. R1f2 Kh8 28.
R6f4 Bd7 29. Na4 Bxa4 30. Qxa4 Qg5 31. Qb3 Re7 32. Qh3+ Kg7 33. Rf1 Rh8 34. Qf5 Qxf5 35. Rxf5 Rh6 36. g4 Rg6 37. g5 f6 38. Rxf6 Rxg5+ 39. Kh2 Re8 40. R6f3 Nxf3+ 41. Rxf3 Rh8+ 42.
Rh3 Rxh3+ 43. Kxh3 Kf6 44. Kh4 Rg2 0-1

[Event "*** Titled Tuesday Blitz"]
[Site "Chess.com"]
[Date "2020.12.29"]
[Round "5"]
[White "pastouche06"]
[Black "ExcitingTrap"]
[Result "1-0"]
[WhiteElo "2528"]
[BlackElo "2341"]
[TimeControl "180+1"]
[EndTime "10:54:53 PST"]
[Termination "pastouche06 won on time"]

1. d4 Nf6 2. c4 g6 3. f3 Bg7 4. e4 d6 5. Ne2 Na6 6. Be3 c6 7. Qd2 Nc7 8. Nbc3 O-O 9. Ng3 e5 10.
d5 cxd5 11. cxd5 Nd7 12. Bd3 Na6 13. O-O Ndc5 14. Bc2 f5 15. exf5 gxf5 16. Bf2 f4 17. Nge4 Nxe4 18. Bxe4 Bf5 19. Bxf5 Rxf5 20. Ne4 b6 21. b4 Rf7 22. Rac1 Bf8 23. a3 Rc8 24. Qd3 Nb8 25. Bh4 Qd7 26. Ng5 Rg7 27. Ne6 Rg6 28. Qf5 Bh6 29. Rxc8+ Qxc8 30. Be7 Qc4 31. Nd8 Qxd5 32. Qc8 Qd2 33. Nc6+ 1-0

[Event "*** Titled Tuesday Blitz"]
[Site "Chess.com"]
[Date "2020.12.29"]
[Round "5"]
[White "Alexandercs432"]
[Black "queen_iryna"]
[Result "0-1"]
[WhiteElo "2194"]
[BlackElo "2344"]
[TimeControl "180+1"]
[EndTime "10:54:53 PST"]
[Termination "queen_iryna won on time"]

1. e4 d6 2. d4 Nf6 3. Nc3 e5 4. Nf3 Nbd7 5. Bc4 Be7 6. O-O O-O 7. Re1 c6 8. a4 h6 9. h3 Re8 10. dxe5 Nxe5 11. Nxe5 dxe5 12. Qe2 Bc5 13. Be3 Bxe3 14.
Qxe3 Be6 15. Rad1 Qe7 16. Bxe6 Qxe6 17. b3 Nh5 18. Ne2 a6 19. Rd2 Rad8 20. Red1 Qe7 21. Qb6 Rxd2 22. Rxd2 Nf4 23. Nxf4 exf4 24. f3 Qh4 25.
Qf2 Qe7 26. Qb6 f5 27. Re2 Qd7 28. Qf2 fxe4 29. fxe4 Rf8 30. Rd2 Qe6 31. Qf3 Qe5 32. Rf2 Rf6 33. Kh2 Kh7 34. Re2 Re6 35. Kg1 Qc5+ 0-1

[Event "*** Titled Tuesday Blitz"]
[Site "Chess.com"]
[Date "2020.12.29"]
[Round "5"]
[White "Eternauta2400"]
[Black "chessdjw"]
[Result "1-0"]
[WhiteElo "2448"]
[BlackElo "2611"]
[TimeControl "180+1"]
[EndTime "10:54:54 PST"]
[Termination "Eternauta2400 won on time"]

1. e4 e5 2. Nf3 Nc6 3. Nc3 Nf6 4. d4 exd4 5. Nxd4 Bb4 6. Nxc6 bxc6 7. Bd3 O-O 8. O-O Re8 9. Bg5 h6 10. Bh4 Rb8 11. f4 Be7 12. Rb1 d5 13. e5 Ng4 14.
Bxe7 Qxe7 15. Qe2 Qc5+ 16. Kh1 Qe3 17. Nd1 Qxe2 18. Bxe2 Bf5 19. Rc1 d4 20. h3 Ne3 21.
Nxe3 dxe3 22. b3 Rbd8 23. Rf3 Rd2 24. Rxe3 Bxc2 25. a4 Rb8 26. Bc4 Kf8 27. f5 Rbd8 28.
e6 fxe6 29. fxe6 Ke7 30. Kh2 Rf8 31. Rg3 g5 32. h4 gxh4 33. Rg7+ Kf6 34. Rxc7 Rg8 35.
Rf1+ Ke5 36. Re1+ Kf6 37. Rf7+ Kg6 38. e7 Kh5 39. Re5+ 1-0

[Event "*** Titled Tuesday Blitz"]
[Site "Chess.com"]
[Date "2020.12.29"]
[Round "5"]
[White "Titus369"]
[Black "malakismayil"]
[Result "1-0"]
[WhiteElo "2530"]
[BlackElo "2301"]
[TimeControl "180+1"]
[EndTime "10:54:54 PST"]
[Termination "Titus369 won on time"]

1. e4 e5 2. Nf3 Nc6 3. Bb5 Nf6 4. O-O d6 5. c3 Be7 6. d4 exd4 7.
cxd4 Bd7 8. Nc3 O-O 9. Re1 Bg4 10. Be3 a6 11. Bd3 h6 12. h3 Bh5 13. a3 Re8 14. Rc1 Bf8 15. Bb1 Bg6 16. Nh4 Bh7 17. Qf3 Nxe4 18. Nxe4 Qxh4 19. Ng3 Bxb1 20. Rxb1 Nxd4 21. Qxb7 Nc2 22. Re2 Nxe3 23. Rxe3 Rab8 24. Qxc7 Rbc8 25. Qb7 Rb8 26. Qf3 Rxe3 27. Qxe3 d5 28. Qd2 Qc4 29. Rc1 Qb5 30. Rc2 Bd6 31. Nf5 Be5 32. Ne7+ Kf8 33.
Nc6 Re8 34. b4 Bf6 35. Rc5 Qe2 36. Qxe2 Rxe2 37. Rxd5 Re1+ 38. Kh2 Re2 39. Kg3 g6 40. Ra5 h5 41. Rxa6 h4+ 42. Kf3 Rc2 43. b5 Rc3+ 44.
Ke2 Rc2+ 45. Kd3 Rxf2 46. b6 Rb2 47. Nb4 Be5 48. b7 Kg7 49. Ra8 Rxg2 50. b8=Q Bxb8 51. Rxb8 Rg3+ 52. Kc4 Rxa3 53. Nd3 Ra1 54. Rb3 Rh1 55. Ne5 Re1 56. Ng4 f5 57. Rb7+ Kf8 58. Nf6 Re3 59. Kd5 Rxh3 60. Ke5 Re3+ 61. Kf4 Re6 62. Kg5 h3 63.
Kxg6 1-0

[Event "*** Titled Tuesday Blitz"]
[Site "Chess.com"]
[Date "2020.12.29"]
[Round "5"]
[White "LimeInTheCoconut"]
[Black "m_ezat"]
[Result "1-0"]
[WhiteElo "2373"]
[BlackElo "2525"]
[TimeControl "180+1"]
[EndTime "10:54:55 PST"]
[Termination "LimeInTheCoconut won on time"]

1. d4 Nf6 2. c4 g6 3. f3 Bg7 4. e4 d6 5. Bg5 O-O 6. Qd2 c5 7. d5 e6 8. Ne2 exd5 9. cxd5 h6 10. Be3 Re8 11. Nec3 a6 12. a4 Nbd7 13. Na3 Ne5 14. Be2 h5 15. O-O Bd7 16. h3 b5 17. axb5 axb5 18.
Naxb5 Rxa1 19. Rxa1 Qb6 20. f4 Neg4 21. hxg4 Nxg4 22.
Bxg4 hxg4 23. Na3 g3 24. Nc4 Qd8 25. Nxd6 Qh4 26. e5 Qh2+ 27. Kf1 Qh1+ 28. Bg1 Bxe5 29. fxe5 Rxe5 30. Qf4 Rf5 31. Nxf5 Bxf5 32. Qxg3 c4 33. Ra8+ Kh7 34. Qh2+ Qxh2 35. Bxh2 g5 36. Be5 Kg6 37. Kf2 Bd3 38. Ke3 f6 39. Bd4 Kf5 40. Rf8 Bf1 41.
Rxf6+ Kg4 42. Rxf1 1-0

[Event "*** Titled Tuesday Blitz"]
[Site "Chess.com"]
[Date "2020.12.29"]
[Round "5"]
[White "Chernov_Alexander_A"]
[Black "SHIVACalypso"]
[Result "0-1"]
[WhiteElo "2307"]
[BlackElo "2472"]
[TimeControl "180+1"]
[EndTime "10:54:55 PST"]
[Termination "SHIVACalypso won on time"]

1. d4 e6 2. Nf3 Nf6 3. c4 d5 4.
Nc3 Bb4 5. e3 O-O 6. Bd3 c5 7.
O-O cxd4 8. exd4 dxc4 9. Bxc4 b6 10. Bg5 Bb7 11. Ne5 Nbd7 12. Nxd7 Qxd7 13. Bxf6 gxf6 14. Qg4+ Kh8 15. Qh4 Be7 16. d5 Rac8 17. Bb3 Rg8 18. Rad1 Rg6 19. Rd3 Rcg8 20. Rg3 f5 21. Qh5 Bd6 22.
f4 Rxg3 23. hxg3 Rxg3 24. Qh4 Rg7 25. Rf3 Be7 26. Qh5 Bf6 27. Rd3 Bxc3 28. bxc3 exd5 29. Qh6 Qe7 30. Kh2 Qe1 31. Rh3 d4 32. Qf6 Qe6 33. Qd8+ Rg8 34. Qe7 Rxg2+ 0-1

[Event "*** Titled Tuesday Blitz"]
[Site "Chess.com"]
[Date "2020.12.29"]
[Round "5"]
[White "catzapto"]
[Black "Zmeeed63"]
[Result "1-0"]
[WhiteElo "2129"]
[BlackElo "2312"]
[TimeControl "180+1"]
[EndTime "10:54:55 PST"]
[Termination "catzapto won by resignation"]

1. e4 Nc6 2. Nf3 d6 3. d4 Bg4 4. Be2 Nf6 5. Nc3 g6 6. O-O Bg7 7. d5 Nb8 8. Be3 O-O 9. Qd2 c6 10. Rad1 Nbd7 11. h3 Bxf3 12. Bxf3 Rc8 13. dxc6 bxc6 14.
Rfe1 Qa5 15. Nd5 Qd8 16. Nxf6+ Nxf6 17. b3 Qc7 18. Bf4 Nd7 19. c3 Qa5 20. Rc1 Ne5 21.
Be2 Rfd8 22. Bh6 Bh8 23. b4 Qa3 24. Be3 a5 25. Bb6 axb4 26. Bxd8 Rxd8 27. cxb4 Rb8 28. f4 Nd7 29. Rxc6 Nf6 30. e5 Qa7+ 31. Kh2 dxe5 32. Bc4 Nh5 33. fxe5 Qa3 34. Re3 Bxe5+ 35. Kh1 Ng3+ 36. Kg1 Qxb4 37. Qxb4 Rxb4 38. Rxe5 Rb1+ 39. Kh2 1-0

[Event "*** Titled Tuesday Blitz"]
[Site "Chess.com"]
[Date "2020.12.29"]
[Round "5"]
[White "Vuk2000"]
[Black "Snegokhod"]
[Result "1-0"]
[WhiteElo "2811"]
[BlackElo "2461"]
[TimeControl "180+1"]
[EndTime "10:54:56 PST"]
[Termination "Vuk2000 won by resignation"]

1. d4 Nf6 2. Bg5 Ne4 3. Bf4 d5 4. e3 e6 5. Bd3 c5 6. c3 cxd4 7.
exd4 Nc6 8. Qe2 Qb6 9. Nf3 Be7 10. O-O O-O 11. a4 Bd7 12. b4 f5 13. a5 Qd8 14. Ne5 Nxe5 15. Bxe5 Rc8 16. Ra3 Nxc3 17. Rxc3 Rxc3 18. Nxc3 Bxb4 19. a6 bxa6 20. Na2 a5 21. Nxb4 axb4 22. Bd6 Qb6 23. Bc5 Qb7 24. Ba6 Qb8 25.
Rb1 Re8 26. Rxb4 Qd8 27. Bb5 Bxb5 28. Qxb5 e5 29. dxe5 Rxe5 30. Be3 a5 31. Qb8 Qxb8 32. Rxb8+ Kf7 33. g3 Re4 34. Rb5 d4 35. Bf4 a4 36.
Rxf5+ Ke6 37. Ra5 d3 38. Kf1 h6 39. Be3 Rb4 40. Ke1 Rb2 41. Rxa4 Ke5 42. Bd4+ 1-0

[Event "*** Titled Tuesday Blitz"]
[Site "Chess.com"]
[Date "2020.12.29"]
[Round "5"]
[White "rachidhuilda"]
[Black "Koalaskakistis"]
[Result "1-0"]
[WhiteElo "2236"]
[BlackElo "2362"]
[TimeControl "180+1"]
[EndTime "10:54:56 PST"]
[Termination "rachidhuilda won by resignation"]

1. d4 Nf6 2. Bg5 Ne4 3. Bf4 c5 4. f3 Qa5+ 5. c3 Nf6 6. Nd2 cxd4 7. Nb3 Qa4 8. Qxd4 Qxd4 9. cxd4 d5 10. e3 b6 11. Bd3 Ba6 12. Bxa6 Nxa6 13. Ne2 e6 14. a3 Kd7 15. Kd2 Be7 16. g4 Rhc8 17. Rac1 h5 18.
h3 Rxc1 19. Rxc1 hxg4 20. hxg4 Rh8 21. Rg1 Rh3 22. Rf1 Nc7 23. Rf2 Nb5 24. Nbc1 Ne8 25.
Nd3 f6 26. Nc3 Nbd6 27. Bxd6 Nxd6 28. b3 a5 29. a4 Rh1 30. Nb5 Nxb5 31. axb5 g5 32. Kc2 Rg1 33. Kd2 Bd6 34. Kc2 Ke7 35.
Kd2 f5 36. gxf5 exf5 37. Kc2 Ke6 38. f4 g4 39. Ne5 g3 40. Re2 g2 41. Nf3 Rf1 42. Ng5+ Kf6 43. Rxg2 Bb4 44. Re2 Ba3 45. Nh3 Rc1+ 46. Kd2 Bb4+ 47. Kxc1 Bc3 48. Kc2 Bb2 49. Nf2 Ba3 50. Nd3 Bb4 51. Ne5 Bd6 52. Rh2 Ke6 53.
Rh6+ 1-0

[Event "*** Titled Tuesday Blitz"]
[Site "Chess.com"]
[Date "2020.12.29"]
[Round "5"]
[White "MarcLonoff"]
[Black "Abdimalik_Abdisalimov"]
[Result "0-1"]
[WhiteElo "2158"]
[BlackElo "2433"]
[TimeControl "180+1"]
[EndTime "10:54:56 PST"]
[Termination "Abdimalik_Abdisalimov won on time"]

1. c4 c5 2. Nc3 g6 3. g3 Bg7 4. Bg2 e6 5. e4 Ne7 6. Nge2 Nbc6 7. d3 O-O 8. Be3 Nd4 9. O-O e5 10. Nd5 d6 11. Nxd4 cxd4 12. Bg5 f6 13. Bd2 Nxd5 14. cxd5 f5 15. f4 Qe7 16. Qb3 Kh8 17. Rac1 b6 18.
Qa3 Bb7 19. Bb4 Rfd8 20. fxe5 Qxe5 21. Rce1 fxe4 22. dxe4 a5 23. Bd2 d3 24. Bc3 Qe7 25. Bxg7+ Qxg7 26. Qxd3 Rf8 27. b3 Ba6 28. Rxf8+ Qxf8 29. Qe3 b5 30. Rc1 Re8 31. Rc7 Qf6 32. Qh6 Qd4+ 0-1

[Event "*** Titled Tuesday Blitz"]
[Site "Chess.com"]
[Date "2020.12.29"]
[Round "5"]
[White "ChristopherYoo"]
[Black "arctic_t00"]
[Result "0-1"]
[WhiteElo "2860"]
[BlackElo "2631"]
[TimeControl "180+1"]
[EndTime "10:54:57 PST"]
[Termination "arctic_t00 won by resignation"]

1. e4 c5 2. Nc3 d6 3. Bb5+ Nd7 4. d4 cxd4 5. Qxd4 a6 6. Bxd7+ Bxd7 7. Nge2 e5 8. Qd3 h6 9. Nd5 Nf6 10. Nxf6+ Qxf6 11. O-O Qd8 12. Nc3 Rc8 13. a4 Be6 14. Be3 Bc4 15.
Qd2 Bxf1 16. Rxf1 Be7 17. Nd5 O-O 18. a5 Bg5 19. Bxg5 hxg5 20. c3 Rc5 21. b4 Rc6 22.
Rd1 g6 23. g4 Kg7 24. Qe3 Rh8 25. h3 f6 26. Kg2 Qd7 27. Qf3 Qe6 28. Rb1 Rf8 29.
Rh1 f5 30. gxf5 gxf5 31. exf5 Rxf5 32. Qe4 Qf7 33. f3 Rc8 34. h4 Rh8 35. h5 Kh6 36. c4 Rf8 37. Ne3 Rxf3 38. Ng4+ Kg7 39. c5 Rf4 40.
Qe2 Rxg4+ 41. Qxg4 Qf2+ 0-1